 Dungeon Crawl Stone Soup version 0.28-a0-628-g3c9886e45e (webtiles) character file.

Game seed: 16257001950712437564

91 mordus the Poker (level 4, -1/25 (39) HPs)
             Began as a Hill Orc Monk on Oct 8, 2021.
             Slain by Terence (2 damage)
             ... on level 2 of the Dungeon.
             The game lasted 00:03:00 (1828 turns).

mordus the Poker (Hill Orc Monk)                    Turns: 1828, Time: 00:03:01

HP:   -1/25 (39)    AC:  9    Str: 14    XL:     4   Next: 59%
MP:   4/4           EV: 11    Int: 10    God:
Gold: 38            SH:  0    Dex: 13    Spells: 3/3 levels left

rFire   . . .      SeeInvis .   a - +1 spear
rCold   . . .      Faith    .   (no shield)
rNeg    . . .      Spirit   .   e - quicksilver dragon scales
rPois   .          Reflect  .   (no helmet)
rElec   .          Harm     .   (no cloak)
rCorr   .          Rampage  .   (no gloves)
Will    +....                   (no boots)
Stlth   +.........              (no amulet)
HPRegen 0.08/turn               (no ring)
MPRegen 0.09/turn               (no ring)

@: very heavily drained
A: no striking features
a: no special abilities


You were on level 2 of the Dungeon.
You visited 1 branch of the dungeon, and saw 2 of its levels.

You collected 38 gold pieces.

Inventory:

Hand Weapons
 a - a +1 spear (weapon)
Armour
 b - a +0 robe
 e - quicksilver dragon scales (worn)
Scrolls
 g - 2 scrolls of identify {unknown}
 h - a scroll of silence {unknown}
Potions
 c - a potion of mutation {unknown}
 f - 2 potions of curing {unknown}


   Skills:
 - Level 3.6 Fighting
 * Level 5.0 Polearms
 + Level 2.3 Armour
 - Level 2.4 Dodging
 - Level 1.5 Stealth


You had 3 spell levels left.
You didn't know any spells.
Your spell library contained the following spells:

 Spells                   Type           Power      Damage    Failure   Level
 Animate Skeleton         Necr           0%         N/A       58%         1
 Pain                     Necr           0%         1d4       58%         1
 Vampiric Draining        Necr           0%         2d6       92%         3


Dungeon Overview and Level Annotations

Branches:
Dungeon (2/15)

Altars:

Annotations:
D:2 Terence


Message History

Terence hits you with a +3 flail of draining.
* * * LOW HITPOINT WARNING * * *
You feel drained.
* * * LOW HITPOINT WARNING * * *
Things that are here:
a +0 whip; 3 stones; a kobold corpse You open the door.
Terence closely misses you.
There is an open door here.
There is an open door here.
There is an open door here.
Terence bares his teeth.
There is a stone staircase leading up here.
You climb upwards.
There is a stone staircase leading down here.
You start resting.
HP restored.
You climb downwards.
Level annotation: Terence Terence hits you with a +3 flail of draining.
You feel drained.
Terence hits you with a +3 flail of draining!
You feel drained.
There is a stone staircase leading up, spattered with blood here.
You see here a +0 club.
You hit Terence but do no damage. Terence misses you.
There is a stone staircase leading up, spattered with blood here.
As you read the scroll labelled VUCEIG ZUEG, it crumbles to dust.
It is a scroll of enchant weapon.
Your +0 spear glows red for a moment.
Terence hits you with a +3 flail of draining!
* * * LOW HITPOINT WARNING * * *
You feel drained.
* * * LOW HITPOINT WARNING * * *
You barely miss Terence. Terence barely misses you.
Your quicksilver dragon scales prevents you from hitting Terence.
Terence says, "Did you write a will?
You should..."
Terence hits you with a +3 flail of draining.
* * * LOW HITPOINT WARNING * * *
You feel drained.
You die...

.#.####......#
.........#####
##.#####.# #.#####.#
#.####.......#######
#.......#...........
#####.).#.#######.##
..#######...#.#.........
.......@@...#.#..####'##
..#######.#.#.#.# #.....
.. #.#.#...####.... #.
#.#.#...#.###... #.
#.#.#.#.#..###..
#.##.#.#...'...###.
#..........#....###
#..#.#.###.#.....#.
######..#.#.# #.##....#.


You could see Terence.

Vanquished Creatures
  Natasha (twice) (D:2)
  2 adders (D:2)
  A worm (D:2)
  A dart slug (D:2)
  2 endoplasms (D:1)
  A giant cockroach (D:1)
  2 hobgoblins (D:1)
  3 ball pythons
  2 bats
  A frilled lizard (D:2)
  2 goblins
  2 kobolds
  3 rats
24 creatures vanquished.

Vanquished Creatures (others)
  7 fungi (D:2)
  4 plants (D:2)
11 creatures vanquished.

Grand Total: 35 creatures vanquished

Notes
Turn   | Place    | Note
-------+----------+-------------------------------------------
     0 | D:1      | mordus the Hill Orc Monk began the quest for the Orb.
     0 | D:1      | Reached XP level 1. HP: 19/19 MP: 1/1
   209 | D:1      | Reached XP level 2. HP: 26/26 MP: 2/2
   500 | D:1      | Reached skill level 1 in Armour
   765 | D:2      | Reached skill level 4 in Polearms
   833 | D:2      | Noticed Natasha
   834 | D:2      | Noticed a crimson imp
   851 | D:2      | Killed Natasha
   852 | D:2      | Reached XP level 3. HP: 11/31 MP: 3/3
  1265 | D:2      | Reached XP level 4. HP: 18/39 MP: 4/4
  1446 | D:2      | Noticed Natasha
  1450 | D:2      | Noticed Terence
  1459 | D:2      | Killed Natasha
  1460 | D:2      | Reached skill level 5 in Polearms
  1467 | D:2      | HP: 1/32 [Terence (2)]
  1828 | D:2      | HP: 1/26 [Terence (4)]
  1828 | D:2      | Slain by Terence

Illustrated notes

Levels and vault maps discovered:
D:1:      psy_arrival_whirlpool, layout_loops_cross, hangedman_decor_opposing,
          serial_bayou_pond_e, chequers_mini_garden
D:2:      layout_loops_ring, shapermc_ecumenical_altar_hornbeckon,
          minmay_quadrilaterals, uniq_natasha, uniq_terence

Skill      XL: |  1  2  3  4 |
---------------+-------------+-----
Armour         | 1 2 |  2.3
Polearms       | 4 5 |  5.0
Fighting       | |  3.6
Dodging        | |  2.4
Stealth        | |  1.5

Action                   |  1- 3 |  4- 6 || total
-------------------------+-------+-------++-------
Melee: Spear             |   102 |    27 ||   129
  Use: Scroll            |       |     1 ||     1
 Stab: Sleeping          |     2 |       ||     2
Armor: Quicksilver drago |    23 |     6 ||    29
Dodge: Dodged            |    40 |    12 ||    52

Table legend: (Time is in decaauts)
 A = Elapsed time spent in this place.
 B = Non-inter-level travel time spent in this place.
 C = Inter-level travel time spent in this place.
 D = Time resting spent in this place.
 E = Time spent auto-exploring this place.
 F = Levels seen in this place.
 G = Mean time per level.
                   A        B        C        D        E       F      G
               +--------+--------+--------+--------+--------+-----+--------+
         Total |   1818 |   1781 |     37 |    620 |    868 |   2 |  909.0 |
       Dungeon |   1818 |   1781 |     37 |    620 |    868 |   2 |  909.0 |
               +--------+--------+--------+--------+--------+-----+--------+

Top non-repeatable levels by time:
     D:1: 982 daAuts
     D:2: 835 daAuts
